 Dungeon Crawl Stone Soup version 0.25-a0-635-g0c6c292ef3 (webtiles) character file.

Game seed: 3852574036268202817, levelgen mode: deterministic

667 ipx the Skirmisher (level 7, -7/46 HPs)
             Began as a Gargoyle Arcane Marksman on Mar 20, 2020.
             Was a Follower of Ashenzari.
             Mangled by an ice beast (13 damage)
             ... on level 6 of the Dungeon.
             The game lasted 00:33:42 (1785 turns).

ipx the Skirmisher (Gargoyle Arcane Marksman)       Turns: 1785, Time: 00:33:42

Health: -7/46      AC:  9    Str: 16    XL:     7   Next: 57%
Magic:  0/10       EV:  8    Int: 13    God:    Ashenzari [*.....]
Gold:   126        SH:  8    Dex: 10    Spells: 8/10 levels left

rFire    . . .     SeeInvis .   i - +3 mace (curse)
rCold    . . .     Gourm    .   u - +0 kite shield
rNeg     + . .     Faith    .   t - +0 ring mail
rPois    ∞         Spirit   +   (no helmet)
rElec    +         Reflect  .   (no cloak)
rCorr    .         Harm     .   (no gloves)
MR       .....                  (no boots)
Stlth    ..........             G - amulet of guardian spirit (curse)
HPRegen  0.15/turn              (no ring)
MPRegen  0.12/turn              (no ring)

@: mighty
A: negative energy resistance 1, electricity resistance, unbreathing,
petrification resistance, rot immunity, AC +4
a: Curse Item, Scrying, Renounce Religion


You were on level 6 of the Dungeon.
You worshipped Ashenzari.
Ashenzari was aware of your devotion.
You were not hungry.

You visited 1 branch of the dungeon, and saw 6 of its levels.

You collected 126 gold pieces.

Inventory:

Hand Weapons
 a - a +0 hand crossbow
 b - a +1 flail
 i - a cursed +3 mace (weapon)
 s - a +0 dagger
Missiles
 d - 6 bolts
 j - 5 boomerangs (quivered)
Armour
 p - a +2 robe of fire resistance
 r - a +0 chain mail
 t - a +0 ring mail (worn)
 u - a +0 kite shield (worn)
 v - a cursed +0 ring mail
Jewellery
 G - a cursed amulet of guardian spirit (around neck)
Scrolls
 c - 3 scrolls of enchant armour
 g - a scroll of amnesia
 q - 3 scrolls of fog
Potions
 e - a potion of haste
 k - a potion of degeneration {unknown}
 n - a potion of ambrosia {unknown}
Comestibles
 f - 5 rations


   Skills:
 - Level 6.0 Fighting
 * Level 3.2 Maces & Flails
 - Level 2.0 Crossbows
 - Level 1.5 Dodging
 + Level 2.4 Shields
 - Level 2.0 Spellcasting
 - Level 4.0 Hexes


You had 8 spell levels left.
You knew the following spells:

 Your Spells              Type           Power        Failure   Level  Hunger
s - Slow                  Hex            ##......     58%         2    ###....

Your spell library contained the following spells:

 Spells                   Type           Power        Failure   Level  Hunger
 Corona                   Hex            ##.....      43%         1    ##.....
 Inner Flame              Hex/Fire       #.......     97%         3    ####...
 Portal Projectile        Hex/Tloc       #.....       97%         3    ####...
 Cause Fear               Hex            ##........   99%         4    #####..
 Leda's Liquefaction      Hex/Erth       #.........   100%        4    #####..


Dungeon Overview and Level Annotations

Branches:
Dungeon (6/15)
 Temple: D:4-7

Altars:
Ashenzari
Makhleb


Innate Abilities, Weirdness & Mutations

You are resistant to torment.
Your stone body is resilient. (AC +4)
You are immune to poison.
You resist negative energy. (rN+)
You are resistant to electric shocks. (rElec)
You can survive without breathing.
You are immune to petrification.
You are immune to rotting.


Message History

You completely miss the ice beast.
The ice beast is heavily wounded.
The ice beast barely misses you. You block the worker ant's attack.
The wight hits you from afar with a +1 halberd!
* * * LOW HITPOINT WARNING * * *
The worker ant bites you.
* * * LOW HITPOINT WARNING * * *
The ice beast completely misses you.
You barely miss the ice beast.
The ice beast is heavily wounded.
The wight hits you from afar with a +1 halberd.
* * * LOW HITPOINT WARNING * * *
The worker ant closely misses you.
The ice beast hits you but does no damage.
Okay, then.
It was a potion of curing.
You feel better. The worker ant bites you. The ice beast hits you.
* * * LOW HITPOINT WARNING * * *
The ice beast freezes you!
You die...

........##...[.(......,**,,,,,,,,
#.#......#............,**,,,,,,,,
..'...................,,,,,,,,,,,
#+#...........#.....##***,,,,,,,,
...#................# *,,,,,,,,
...##.........#...?.# *,,,,,,,,
...*###.......#####.####*,,,,,,*,
...,,,.......zza........,,,,,,,,,
...,,.........##@Y......,,**,,,,,
$..,##........##.##.....,,,*,,,,,
,,,,,,......##....,,.###,,,*,,,,,
,,,,,,......*,.....,,+,,,,,*,,,,,
,,,,,,......*.......,*,,,,,,,,,**
,,,,,,......#........*,,,,,,,,,**
,,,,,,,...,,#........#,,,,,,,,,**
***,****,,,,#........#,,,,,,,,,,*
*,,,****,,,,*,,,,,************,**


You could see an ice beast, a worker ant and 2 wights.

Vanquished Creatures
  An ogre (D:4)
  2 wights (D:6)
  3 hounds
  A quasit (D:5)
  4 orc priests
  Jessica (D:3)
  An iguana (D:5)
  An orc wizard (D:5)
  2 worker ants (D:6)
  A gnoll (D:3)
  5 adders (D:2)
  A shadow imp (D:3)
  2 worms
  3 dart slugs
  A leopard gecko (D:1)
  13 orcs
  A giant cockroach (D:1)
  4 hobgoblins
  2 quokkas
  A bat (D:1)
  4 frilled lizards
  3 goblins
  5 kobolds
  5 rats
67 creatures vanquished.

Notes
Turn   | Place    | Note
-------+----------+-------------------------------------------
     0 | D:1      | ipx the Gargoyle Arcane Marksman began the quest for the
                  | Orb.
     0 | D:1      | Reached XP level 1. HP: 12/12 MP: 2/2
   222 | D:1      | Reached XP level 2. HP: 8/17 MP: 1/3
   242 | D:1      | Reached skill level 2 in Fighting
   335 | D:2      | Found a shattered altar of Ashenzari.
   338 | D:2      | Became a worshipper of Ashenzari the Shackled
   420 | D:2      | Reached XP level 3. HP: 15/22 MP: 2/4
   446 | D:2      | Reached skill level 3 in Fighting
   633 | D:2      | Reached XP level 4. HP: 16/29 MP: 2/5
   642 | D:2      | Reached skill level 4 in Fighting
   777 | D:3      | Noticed Jessica
   780 | D:3      | Killed Jessica
   802 | D:3      | Found a burning altar of Makhleb.
   808 | D:3      | Reached skill level 5 in Fighting
   808 | D:3      | Reached XP level 5. HP: 25/35 MP: 4/6
   812 | D:3      | Learned a level 2 spell: Slow
  1113 | D:4      | Noticed an ogre
  1224 | D:4      | Reached XP level 6. HP: 39/40 MP: 8/8
  1401 | D:4      | Reached skill level 6 in Fighting
  1466 | D:5      | Entered Level 5 of the Dungeon
  1468 | D:5      | Reached * piety under Ashenzari
  1530 | D:5      | Reached skill level 1 in Maces & Flails
  1530 | D:5      | Reached XP level 7. HP: 20/46 MP: 1/10
  1574 | D:5      | Reached skill level 1 in Shields
  1785 | D:6      | Mangled by an ice beast

Levels and vault maps discovered:
D:1:      dpeg_arrival_water_temple_mockup, layout_loops_ring,
          minmay_tromino_v4_c
D:2:      layout_basic, old_standard_altar, ashenzari_conservatory_becter,
          first_ration
D:3:      layout_rooms, makhleb_heckhound_becter, uniq_jessica
D:4:      cheibrodos_pilgrimage, layout_basic, minmay_temple_entry_mini_moons,
          okawaru_gym_becter, uniq_edmund
D:5:      layout_layer_cave, old_standard_altar, basic_altar, lemuel_tele_altar,
          uniq_menkaure, uniq_prince_ribbit1, uniq_blork_the_orc
D:6:      layout_basic, minitemple, gup_sewer_entry_bowl, hex_medium,
          uniq_eustachio

Skill      XL: |  1  2  3  4  5  6  7 |
---------------+----------------------+-----
Hexes          | 3 4 |  4.0
Fighting       | 2 3 5 6 |  6.0
Spellcasting   | 2 |  2.0
Maces & Flails | 1 3 |  3.2
Shields        | 2 |  2.4
Crossbows      | |  2.0
Dodging        | |  1.5

Action                   |  1- 3 |  4- 6 |  7- 9 || total
-------------------------+-------+-------+-------++-------
Melee: Dagger            |    30 |    40 |       ||    70
       Flail             |       |    52 |    26 ||    78
       Mace              |       |       |     7 ||     7
 Fire: Hand crossbow     |    49 |    60 |    27 ||   136
Throw: Dart              |       |     7 |       ||     7
       Boomerang         |       |       |     1 ||     1
 Cast: Corona            |    19 |    21 |     2 ||    42
       Slow              |       |     7 |       ||     7
Invok: Curse Item        |       |     1 |       ||     1
  Use: Scroll            |       |     4 |     4 ||     8
       Potion            |       |       |     3 ||     3
  Eat: Ration            |       |     1 |       ||     1
       Chunk             |       |       |     2 ||     2
Armor: Robe              |    15 |    20 |       ||    35
       Ring mail         |       |    53 |    22 ||    75
       Chain mail        |       |     8 |       ||     8
Dodge: Dodged            |    36 |   106 |    24 ||   166
Block: Kite shield       |       |       |     8 ||     8

Table legend:
 A = Non-vault XP
 B = Vault XP
 C = Vault XP percentage of total XP
 D = Non-vault monster count
 E = Vault monster count
 F = Vault count percentage of total count
                 A         B        C        D         E       F
            +---------+---------+-------+---------+---------+-------
      Total |     812 |     142 |  14.9 |      58 |       9 |  13.4
            +---------+---------+-------+---------+---------+-------
        D:1 |      21 |       5 |  19.2 |      12 |       2 |  14.3
        D:2 |      81 |       0 |   0.0 |      13 |       0 |   0.0
        D:3 |      85 |      82 |  49.1 |      12 |       2 |  14.3
        D:4 |     218 |      55 |  20.1 |       5 |       5 |  50.0
        D:5 |     128 |       0 |   0.0 |       6 |       0 |   0.0
        D:6 |     279 |       0 |   0.0 |      10 |       0 |   0.0
            +---------+---------+-------+---------+---------+-------
